 Dungeon Crawl Stone Soup version 0.31.0-11-ge490571c62 (webtiles) character file.

Game seed: 13654961161508666713

35 Zeor the Slasher (level 3, -1/28 HPs)
             Began as a Merfolk Gladiator on Jan 30, 2024.
             Slain by Robin
             ... wielding a +3 vampiric dagger
              (4 damage)
             ... on level 2 of the Dungeon.
             The game lasted 00:03:26 (803 turns).

Zeor the Slasher (Merfolk Gladiator)                 Turns: 803, Time: 00:03:27

Health: -1/28      AC:  5    Str: 18    XL:     3   Next: 35%
Magic:  3/3        EV: 13    Int:  6    God:
Gold:   44         SH:  4    Dex: 16    Spells: 2/2 levels left

rFire   . . .        a - +0 long sword
rCold   . . .        (no shield)
rNeg    . . .        b - +0 leather armour
rPois   .            c - +0 helmet
rElec   .            (no cloak)
rCorr   .            l - +0 pair of gloves
SInv    .            (no boots)
Will    ++...        (no amulet)
Stlth   +            (no ring)
HPRegen 0.24/turn    (no ring)
MPRegen 0.08/turn

%: no passive effects
@: enlightened, flying
A: (nimble swimmer 2), mertail, large bone plates 1, strong-willed 1, strong 1
a: no special abilities


You were on level 2 of the Dungeon.
You visited 1 branch of the dungeon, and saw 2 of its levels.

You collected 44 gold pieces.

Inventory:

Hand Weapons
 a - a +0 long sword (weapon)
Missiles
 d - 3 throwing nets (quivered)
 e - a javelin
 j - 2 poisoned darts
Armour
 b - a +0 leather armour (worn)
 c - a +0 helmet (worn)
 l - a +0 pair of gloves (worn)
Scrolls
 h - a scroll of identify {unknown}
 m - a scroll of brand weapon {unknown}
Potions
 g - 2 potions of enlightenment


   Skills:
 + Level 2.3 Fighting
 * Level 4.7 Long Blades
 + Level 2.0 Throwing
 + Level 0.1 Armour
 + Level 4.3 Dodging


You had 2 spell levels left.
You didn't know any spells.
Your spell library contained the following spells:

 Spells                   Type           Power      Damage    Failure   Level
 Kiss of Death            Conj/Necr      0%         2d5       52%         1
 Confusing Touch          Hex            0%         N/A       87%         3
 Hailstorm                Conj/Ice       0%         3d5       87%         3
 Summon Ice Beast         Ice/Summ       0%         N/A       87%         3
 Dispel Undead            Necr           0%         3d6       99%         4
 Sculpt Simulacrum        Ice/Alch       0%         N/A       100%        6


Dungeon Overview and Level Annotations

Branches:
Dungeon (2/15)

Altars:

Annotations:
D:2 Robin


Innate Abilities, Weirdness & Mutations

((You are very nimble when in or above water. (Stealth+, EV+, Speed+++)))
Your lower body shifts to a powerful aquatic tail in water.
You are partially covered in large bone plates. (SH +4)
You are strong-willed. (Will+)
Your muscles are strong. (Str +4, Int/Dex -1)


Message History

You kill the goblin!
The goblin hits you with a +0 club. The goblin closely misses you.
The goblin barely misses you.
Robin roars a battlecry!
The goblin goes into a battle-frenzy!
Things that are here:
a +0 dagger; a goblin corpse The goblin no longer looks unusually strong.
The goblin closely misses you. The goblin attacks as it pursues you!
The goblin misses you.
A giant cockroach comes into view.
Robin throws the goblin at you! The goblin hits you with a +0 club.
The goblin attacks as it pursues you! The goblin hits you but does no damage.
You hit the goblin but do no damage. The goblin closely misses you. x2
The goblin barely misses you.
You miss the goblin. The goblin hits you but does no damage.
The goblin closely misses you. The goblin hits you with a +0 club.
You barely miss the goblin. The goblin misses you. x3
You slash the goblin!
You kill the goblin!
Robin throws the goblin at you! The goblin hits you but does no damage.
The goblin barely misses you.
You closely miss the goblin. The goblin closely misses you.
The goblin misses you. x2
You hit the goblin.
The goblin is heavily wounded.
The goblin hits you with a +0 club. The goblin barely misses you. x2
It was a potion of enlightenment.
You feel very buoyant.
You fly up into the air.
Robin hits you with a +3 vampiric dagger!
* * * LOW HITPOINT WARNING * * *
The goblin hits you but does no damage. The goblin barely misses you.
It was a potion of mutation.
You feel extremely strange.
Large bone plates grow over parts of your arms.
You feel strong-willed.
You feel stronger.
Your hearing returns.
Robin hits you with a +3 vampiric dagger.
You die...
Robin says, "And that's why I'm the boss."

▒▒▒[∙▒∙▒∙▒ ▒∙∙▒∙▒∙▒
▒∙∙∙∙∙∙▒ ▒
▒▒▒▒▒▒▒∙∙∙▒▒▒∙▒
▒∙∙∙∙∙∙∙∙∙∙∙∙∙▒
▒∙▒▒▒▒▒▒∙∙∙∙∙∙▒ ▒∙▒
▒∙∙∙∙∙∙∙∙▒
∙▒▒▒▒▒▒▒▒∙▒▒▒▒∙∙∙∙∙∙∙∙∙∙
∙∙∙∙$Bgmg))))∙∙∙∙∙∙∙∙▒▒▒
∙▒▒▒▒▒▒▒g▒▒▒▒▒∙∙∙∙∙∙∙∙▒


∙∙∙∙∙ ∙∙∙▒▒▒▒▒∙▒ ▒▒▒∙▒▒▒▒▒g∙▒ ∙∙∙ ▒∙▒ ▒g∙▒ ∙∙ ▒∙▒ ▒g∙▒ ▒∙▒ ▒g∙▒ ▒∙▒ ▒g∙▒ You
could see Robin, a giant cockroach and 2 goblins.

Vanquished Creatures
  An adder (D:2)
  An endoplasm (D:1)
  A giant cockroach (D:1)
  9 goblins (D:2)
  3 hobgoblins
  A quokka (D:1)
  2 ball pythons (D:1)
  A bat (D:1)
  A frilled lizard (D:1)
  A kobold (D:1)
  2 rats (D:1)
23 creatures vanquished.

Notes
Turn   | Place    | Note
-------+----------+-------------------------------------------
     0 | D:1      | Zeor the Merfolk Gladiator began the quest for the Orb.
     0 | D:1      | Reached XP level 1. HP: 16/16 MP: 1/1
   401 | D:1      | Reached XP level 2. HP: 21/22 MP: 2/2
   763 | D:2      | Noticed Robin
   772 | D:2      | Reached XP level 3. HP: 16/28 MP: 3/3
   803 | D:2      | Gained mutation: You are partially covered in large bone
                  | plates. (SH +4) [potion of mutation]
   803 | D:2      | Gained mutation: You are strong-willed. (Will+) [potion of
                  | mutation]
   803 | D:2      | Gained mutation: Your muscles are strong. (Str +4, Int/Dex
                  | -1) [potion of mutation]
   803 | D:2      | Slain by Robin

Illustrated notes

Levels and vault maps discovered:
D:1:      minmay_arrival_shattered_statue, layout_basic
D:2:      layout_basic, uniq_jessica, uniq_robin, uniq_crazy_yiuf_cottage

Skill      XL: |  1 |
---------------+----+-----
Long Blades    | 4 |  4.7
Fighting       | |  2.3
Throwing       | |  2.0
Armour         | |  0.1
Dodging        | |  4.3

Action                     || total
---------------------------++-------
  Melee: Long sword        ||    60
         Punch             ||     2
    Use: Potion            ||     3
         Scroll            ||     1
   Stab: Sleeping          ||     1
 Armour: Leather armour    ||    49
  Dodge: Dodged            ||    57
